 Dungeon Crawl Stone Soup version 0.21.1-1-g345015fe64 (webtiles) character file.

235 KleinerIrrer the Insei (level 6, -3/41 HPs)
             Began as an Octopode Transmuter on Apr 17, 2018.
             Killed from afar by an orc wizard (8 damage)
             ... with a magic dart
             ... on level 4 of the Dungeon.
             The game lasted 00:07:17 (3156 turns).

KleinerIrrer the Insei (Octopode Transmuter)        Turns: 3156, Time: 00:07:17

Health: -3/41      AC:  3    Str: 10    XL:     6   Next: 6%
Magic:  9/9        EV: 14    Int: 16    God:
Gold:   230        SH:  0    Dex: 13    Spells: 6/9 levels left

rFire    . . .     SeeInvis .     - Unarmed
rCold    . . .     Gourm    .   (no shield)
rNeg     . . .     Faith    .   o - +2 hat
rPois    .         Spirit   .   (no amulet)
rElec    .         Reflect  .   g - ring of resist corrosion
rCorr    +         Harm     .   (no ring)
MR       .....                  (no ring)
Stlth    ++........             (no ring)
HPRegen  0.13/turn              (no ring)
MPRegen  0.11/turn              (no ring)
                                (no ring)
                                (no ring)

@: slowed, very slow
A: almost no armour, stealthy swim, amphibious, 8 rings, constrict 8, camouflage
1, gelatinous body 1
a: no special abilities


You were on level 4 of the Dungeon.
You were not hungry.

You visited 1 branch of the dungeon, and saw 4 of its levels.
You also visited: Sewer.

You collected 230 gold pieces.

Inventory:

Missiles
 a - 70 arrows
Armour
 o - a +2 hat (worn)
Jewellery
 g - a ring of resist corrosion (left tentacle)
Scrolls
 h - 5 scrolls of remove curse
 j - 3 scrolls of teleportation
 q - a scroll of fog
Potions
 d - 4 potions of curing
 e - a potion of might {unknown}
 i - 2 potions of heal wounds
 k - a potion of degeneration {unknown}
 l - 2 potions of mutation {unknown}
 m - 2 potions of cancellation {unknown}
 n - 2 potions of magic {unknown}
 p - a potion of invisibility {unknown}
Books
 b - a book of Changes

   Spells                             Type                      Level
   a - Beastly Appendage              Transmutation                1
   b - Sticks to Snakes               Transmutation                2
   c - Spider Form                    Transmutation/Poison         3
   d - Ice Form                       Ice/Transmutation            4
   e - Blade Hands                    Transmutation                5
Comestibles
 c - 3 rations


   Skills:
 + Level 2.8 Fighting
 + Level 3.4 Dodging
 * Level 5.1 Unarmed Combat
 - Level 2.0 Spellcasting
 - Level 2.0 Transmutations


You had 6 spell levels left.
You knew the following spells:

 Your Spells              Type           Power        Failure   Level  Hunger
a - Beastly Appendage     Tmut           #.....       9%          1    #......
b - Sticks to Snakes      Tmut           #.......     14%         2    ###....


Dungeon Overview and Level Annotations

Branches:
Dungeon (4/15)
 Temple: D:4-7

Altars:
Nemelex Xobeh
Okawaru
Ru
Wu Jian
The Shining One


Innate Abilities, Weirdness & Mutations

You cannot wear most types of armour.
You are very stealthy in the water. (Stealth+)
You are amphibious.
You can wear up to eight rings at the same time.
You can use your tentacles to constrict eight enemies at once.
Your skin changes colour to match your surroundings (Stealth+).
Your rubbery body absorbs attacks. (AC +1, EV +1)


Message History

Your experience leads to an increase in your attributes!
Increase (S)trength, (I)ntelligence, or (D)exterity?
You feel stronger.
The orc priest calls down the wrath of Beogh upon you.
Beogh smites you!
The orc wizard casts a spell.
The orc wizard seems to speed up.
The orc priest looks braver for a moment.
The orc wizard gestures wildly while chanting.
The orc wizard blinks!
The orc priest closely misses you.
The orc priest looks braver for a moment.
The orc priest casts a cantrip, but nothing happens.
The orc wizard barely misses you.
The orc wizard hits you with an enchanted dagger.
The orc priest calls down the wrath of Beogh upon you.
Beogh smites you!
* * * LOW HITPOINT WARNING * * *
The orc wizard points at you and mumbles some strange words.
The magic dart hits you!
You die...

...#.###..#.#.#.....
........#........#.#
#..#.#..#.#.#..#...##
....................
.#..#.#.#..#.####.#.
#......o.o..#
#.#.#..#..###
#......o..#
###.#.#.@.# #...##..#
######..# #..######.
#......... #<#######.
###


You could see 2 orc priests and an orc wizard.

Vanquished Creatures
  A phantom (D:3)
  An orc wizard (D:4)
  A worker ant (D:3)
  4 adders
  An ooze (D:1)
  3 worms
  A leopard gecko (D:1)
  An orc (D:3)
  A giant cockroach (D:2)
  3 goblins
  4 hobgoblins
  2 jackals (Sewer)
  13 kobolds
  A quokka (D:3)
  4 ball pythons (Sewer)
  5 bats
  4 frilled lizards
  10 rats
60 creatures vanquished.

Notes
Turn   | Place    | Note
-------+----------+-------------------------------------------
     0 | D:1      | KleinerIrrer the Octopode Transmuter began the quest for the Orb.
     0 | D:1      | Reached XP level 1. HP: 13/13 MP: 3/3
   241 | D:1      | Reached XP level 2. HP: 14/18 MP: 5/5
   405 | D:1      | Found a sparkling altar of Nemelex Xobeh.
   573 | D:1      | Found a glowing golden altar of the Shining One.
   913 | D:2      | Reached XP level 3. HP: 23/23 MP: 6/6
   928 | D:2      | Found an ornate altar of the Wu Jian Council.
  1663 | D:2      | Learned a level 2 spell: Sticks to Snakes
  1688 | D:3      | Found an iron altar of Okawaru.
  1694 | D:3      | Noticed a phantom
  1697 | D:3      | Reached skill level 4 in Unarmed Combat
  1697 | D:3      | Reached XP level 4. HP: 25/29 MP: 7/7
  1918 | D:3      | Found a sacrificial altar of Ru.
  1957 | D:3      | Found a sparkling altar of Nemelex Xobeh.
  2137 | D:3      | Found a glowing drain.
  2148 | Sewer    | Entered a sewer
  2228 | Sewer    | Reached XP level 5. HP: 30/34 MP: 8/8
  2657 | D:3      | Killed a phantom
  2657 | D:3      | Reached skill level 5 in Unarmed Combat
  3147 | D:4      | Reached XP level 6. HP: 27/41 MP: 9/9
  3156 | D:4      | Killed from afar by an orc wizard

Skill      XL: |  1  2  3  4  5 |
---------------+----------------+-----
Fighting       | 2 |  2.8
Unarmed Combat | 4 5 |  5.1
Dodging        | 3 |  3.4
Spellcasting   | |  2.0
Transmutations | |  2.0

Action                   |  1- 3 |  4- 6 || total
-------------------------+-------+-------++-------
Melee: Unarmed           |    84 |    86 ||   170
       Constrict         |    17 |    21 ||    38
       Tentacles         |     8 |    12 ||    20
       Punch             |     1 |     5 ||     6
  Use: Scroll            |     5 |     2 ||     7
       Potion            |     1 |       ||     1
 Stab: Sleeping          |     8 |     6 ||    14
       Distracted        |       |     1 ||     1
  Eat: Chunk             |     2 |     3 ||     5
       Ration            |       |     1 ||     1
Armor: Skin              |     6 |     9 ||    15
Dodge: Dodged            |    68 |    63 ||   131
